Map: [ESL] Alcyone

Players

Reynor

  • Race: Zerg Zerg
  • Spawn Location: 7:00

Maru - Winner!

  • Race: Terran Terran
  • Spawn Location: 1:00

Event: IEM Katowice 2024

VOD

Have the link to the VOD?

Description

Time

  • Played on: Feb. 8, 2024, 2:38 p.m.
  • Length: 14:04

All games in this series

Show
View Real Time Build Order
Export as new Build Order

Reynor Zerg 

Build Orders: Hatch First 

Get SALT Encoding   

  12  0:00  Drone  
  13  0:12  Overlord  
  13  0:17  Drone  
  14  0:31  Drone x2  
  16  0:48  Hatchery  
  15  0:51  Drone  
  15  0:54  Drone  
  17  0:58  Drone  
  18  1:09  Extractor  
  17  1:12  Spawning Pool  
  17  1:15  Drone  
  17  1:18  Drone  
  18  1:28  Drone  
  19  1:39  Drone  
  20  1:49  Drone  
  21  1:59  Queen x2  
  21  2:00  Zergling x4  
  27  2:12  Hatchery  
  26  2:18  Overlord  
  26  2:21  Drone  
  27  2:23  Drone  
  28  2:36  Drone  
  29  2:37  Drone x2  
  29  2:38  Metabolic Boost  
  30  2:44  Queen  
  30  2:49  Overlord  
  32  2:51  Drone  
  32  2:54  Drone  
  32  2:55  Drone  
  35  3:05  Zergling x2  
  35  3:06  Queen  
  35  3:09  Zergling x2  
  35  3:10  Overlord  
  39  3:14  Zergling x2  
  39  3:15  Zergling x2  
  39  3:18  Overlord  
  41  3:23  Queen  
  41  3:25  Drone  
  41  3:27  Drone  
  45  3:29  Drone  
  45  3:31  Drone  
  46  3:38  Drone x2  
  46  3:41  Overlord  
  48  3:44  Queen  
  48  3:45  Drone  
  48  3:47  Drone  
  52  3:49  Drone  
  52  3:50  Drone  
  52  3:54  Drone x2  
  52  3:55  Drone  
  56  3:59  Overlord  
  56  4:03  Drone x2  
  56  4:05  Drone  
  56  4:09  Queen  
  61  4:11  Zergling x4  
  61  4:16  Overlord  
  63  4:17  Drone  
  63  4:19  Queen  
  63  4:21  Drone  
  63  4:22  Drone  
  68  4:24  Drone  
  68  4:25  Drone  
  68  4:27  Drone x2  
  68  4:31  Overlord  
  72  4:32  Drone  
  72  4:34  Drone  
  72  4:35  Drone  
  72  4:38  Drone  
  75  4:40  Lair  
  75  4:42  Spore Crawler  
  75  4:44  Zergling x4  
  76  4:47  Overlord  
  76  4:49  Drone x3  
  79  4:54  Drone  
  79  4:55  Drone, Spore Crawler  
  79  4:56  Drone  
  79  4:57  Drone, Extractor  
  79  4:59  Drone  
  82  5:03  Baneling Nest, Queen  
  82  5:06  Extractor  
  82  5:09  Drone  
  82  5:10  Spore Crawler  
  81  5:15  Drone x2  
  81  5:16  Drone  
  81  5:17  Hatchery  
  81  5:18  Drone x2  
  85  5:24  Drone  
  85  5:25  Drone x2, Overlord  
  88  5:30  Zergling x12, Extractor  
  88  5:32  Overlord  
  93  5:36  Zergling x6  
  93  5:39  Evolution Chamber  
  93  5:40  Evolution Chamber  
  94  5:45  Overlord  
  94  5:46  Zergling x4  
  96  5:50  Centrifugal Hooks  
  96  5:54  Drone x3  
  96  5:55  Zergling x4  
  101  5:57  Baneling x5  
  101  5:59  Drone  
  101  6:01  Zergling x12  
  101  6:03  Zergling x2  
  109  6:04  Baneling  
  109  6:05  Baneling  
  109  6:07  Baneling x2, Queen  
  109  6:09  Zergling x2  
  112  6:12  Zergling x2  
  110  6:22  Queen x2  
  110  6:23  Zergling x12  
  109  6:30  Zergling x8  
  105  6:33  Zergling x2  
  105  6:38  Zergling x4  
  99  6:43  Queen  
  99  6:46  Zergling x4  
  101  6:47  Queen  
  101  6:49  Zerg Ground Armor Level 1  
  101  6:51  Zergling x6  
  101  6:52  Hydralisk Den  
  101  6:54  Zergling x4, Baneling x4  
  107  7:00  Zergling x4, Extractor  
  108  7:01  Baneling x4  
  108  7:02  Zergling x4  
  108  7:03  Zergling x6  
  108  7:04  Zerg Missile Weapons Level 1  
  113  7:09  Zergling x2  
  113  7:14  Drone x3  
  115  7:19  Drone  
  115  7:20  Drone x3  
  115  7:22  Drone  
  118  7:24  Drone  
  118  7:26  Muscular Augments  
  118  7:28  Drone  
  120  7:33  Overlord  
  116  7:41  Drone x5  
  116  7:42  Zergling x8  
  119  7:45  Drone  
  119  7:49  Hydralisk  
  116  7:53  Hydralisk  
  116  7:54  Hydralisk  
  116  7:57  Hydralisk x4, Baneling x4  
  128  8:02  Zergling x8  
  128  8:03  Hatchery  
  128  8:04  Hydralisk x3  
  128  8:05  Hydralisk  
  129  8:09  Zergling x2  
  129  8:12  Hydralisk x2  
  128  8:16  Overlord  
  128  8:17  Hydralisk  
  132  8:22  Hydralisk x2  
  132  8:24  Overlord x2  
  132  8:26  Overlord  
  137  8:32  Grooved Spines  
  137  8:33  Overlord  
  136  8:34  Extractor  
  136  8:35  Overlord  
  136  8:38  Zergling x10  
  140  8:43  Zergling x2, Hydralisk  
  140  8:44  Zergling x6  
  143  8:48  Hydralisk  
  143  8:50  Zergling x4  
  143  8:51  Zergling x8, Hatchery  
  143  8:52  Zerg Ground Armor Level 2  
  143  8:55  Zergling x2  
  147  8:58  Zergling x2  
  147  9:00  Zergling x6, Zerg Missile Weapons Level 2  
  151  9:04  Hydralisk  
  151  9:05  Hatchery  
  152  9:12  Hydralisk  
  152  9:13  Zergling x12  
  151  9:20  Hydralisk x4  
  151  9:21  Zergling x8  
  151  9:23  Hydralisk  
  149  9:26  Zergling x2  
  149  9:30  Hydralisk  
  149  9:31  Zergling x6  
  155  9:35  Zergling x2  
  155  9:36  Zergling x2  
  153  9:40  Hydralisk  
  153  9:41  Zergling x2  
  153  9:44  Infestation Pit  
  149  9:47  Drone x3  
  149  9:51  Drone  
  153  9:53  Drone  
  153  9:56  Overlord  
  153  9:57  Drone x4  
  153  9:59  Drone  
  159  10:00  Pneumatized Carapace  
  159  10:02  Drone x2  
  159  10:03  Zergling x4  
  159  10:04  Zergling x2  
  164  10:08  Baneling x8  
  164  10:10  Drone x3  
  164  10:11  Drone, Extractor  
  164  10:12  Extractor  
  166  10:17  Zergling x2, Drone  
  166  10:19  Overlord  
  166  10:20  Drone x3  
  168  10:25  Hive  
  168  10:26  Zergling x18  
  174  10:30  Hydralisk  
  174  10:32  Hydralisk x2  
  174  10:33  Zergling x6  
  174  10:34  Baneling x7  
  174  10:35  Baneling x3  
  182  10:39  Hydralisk x3  
  159  10:43  Hydralisk  
  159  10:44  Zergling x2  
  159  10:45  Hydralisk  
  159  10:46  Zergling x2  
  162  10:51  Hydralisk x2  
  162  10:52  Zergling x4, Unknown  
  163  11:00  Hydralisk  
  163  11:01  Zergling x14  
  157  11:05  Zergling x6  
  157  11:07  Hydralisk  
  157  11:08  Zergling x2  
  157  11:09  Hydralisk  
  150  11:13  Hydralisk x2  
  150  11:15  Lurker Den  
  145  11:19  Hydralisk x2  
  145  11:20  Zergling x8, Hydralisk x2  
  145  11:22  Queen  
  154  11:25  Hydralisk  
  154  11:26  Zergling x4  
  154  11:27  Hydralisk x2  
  154  11:31  Zergling x2, Hydralisk  
  154  11:32  Zergling x4  
  155  11:37  Zergling x6  
  155  11:39  Viper  
  151  11:45  Hydralisk x4  
  151  11:46  Zergling x4  
  160  11:49  Hydralisk  
  160  11:50  Zergling x6  
  160  11:52  Viper  
  155  11:54  Zergling x4  
  155  11:57  Zergling x2  
  157  12:02  Hydralisk  
  157  12:03  Zergling x6  
  157  12:07  Viper  
  144  12:15  Zergling x20  
  153  12:20  Hydralisk x3  
  155  12:27  Hydralisk x2  
  155  12:28  Zergling x4  
  153  12:33  Hydralisk x3  
  153  12:36  Hydralisk  
  156  12:38  Hydralisk x2  
  156  12:39  Zergling x2  
  156  12:44  Zergling x4, Hydralisk  
  157  12:48  Hydralisk  
  153  12:51  Hydralisk  
  153  12:52  Hydralisk  
  153  12:53  Hydralisk  
  153  12:56  Hydralisk x2  
  153  12:57  Zergling x2  
  150  13:01  Hydralisk  
  150  13:02  Hydralisk  
  150  13:03  Queen  
  146  13:06  Hydralisk x2  
  146  13:11  Hydralisk  
  135  13:14  Hydralisk x2  
  135  13:17  Queen  
  135  13:18  Hydralisk  
  124  13:21  Hydralisk  
  124  13:23  Hydralisk  
  124  13:25  Hydralisk  
  126  13:30  Hydralisk x2  
  128  13:38  Hydralisk x2  
Show
View Real Time Build Order
Export as new Build Order

Maru Terran - Winner!

Build Orders:  

Get SALT Encoding   

  12  0:00  SCV  
  13  0:12  SCV  
  14  0:17  Supply Depot  
  14  0:24  SCV  
  15  0:39  SCV  
  15  0:40  Barracks  
  16  0:51  SCV  
  17  1:03  SCV  
  18  1:13  Command Center  
  18  1:16  SCV  
  19  1:27  Marine  
  19  1:29  Orbital Command  
  20  1:39  Supply Depot  
  20  1:45  Marine  
  21  1:54  SCV  
  22  2:03  Marine  
  22  2:06  SCV  
  24  2:11  Command Center  
  24  2:18  SCV  
  24  2:21  Marine  
  26  2:25  Orbital Command  
  26  2:30  SCV  
  26  2:34  Refinery x2  
  26  2:36  Refinery  
  27  2:39  Marine  
  27  2:43  SCV  
  29  2:52  SCV  
  29  2:55  SCV  
  31  3:04  SCV, Marine  
  33  3:07  SCV  
  34  3:16  Factory, SCV  
  34  3:19  SCV  
  36  3:23  Barracks Reactor  
  36  3:24  Orbital Command  
  36  3:29  SCV  
  36  3:31  SCV  
  38  3:35  Factory  
  38  3:41  Supply Depot, SCV  
  39  3:43  SCV  
  39  3:46  Factory  
  40  3:50  SCV  
  40  3:53  SCV  
  40  3:55  SCV  
  43  4:01  Factory  
  43  4:02  SCV  
  44  4:07  SCV x2  
  46  4:12  Barracks Tech Lab, Hellion x2  
  46  4:14  SCV  
  51  4:17  Refinery  
  51  4:19  Factory Tech Lab  
  51  4:20  SCV, Supply Depot  
  51  4:21  SCV  
  53  4:26  SCV  
  53  4:29  Factory Reactor  
  53  4:30  Marine  
  55  4:33  Cyclone x2  
  55  4:34  SCV  
  55  4:38  SCV  
  61  4:39  Supply Depot  
  61  4:44  Cyclone  
  64  4:50  Cyclone  
  64  4:51  Orbital Command  
  65  4:55  Infernal Pre-Igniter  
  65  4:57  SCV x2  
  65  4:58  Supply Depot  
  67  5:05  Cyclone x2  
  71  5:07  Cyclone  
  71  5:09  Hellion, SCV x2  
  77  5:16  Hellion, Supply Depot  
  77  5:17  SCV  
  77  5:21  SCV x2  
  81  5:22  Hellion  
  84  5:29  SCV  
  84  5:31  Hellion  
  84  5:33  SCV  
  84  5:34  Supply Depot, SCV  
  89  5:36  Supply Depot  
  89  5:37  Cyclone x2  
  89  5:41  SCV  
  98  5:42  Cyclone  
  98  5:43  Hellion  
  98  5:45  SCV  
  98  5:48  Armory  
  98  5:49  Armory  
  99  5:55  SCV x2  
  101  5:57  SCV  
  101  5:59  Cyclone x2  
  106  6:06  Factory  
  106  6:07  SCV x2  
  106  6:09  Refinery x2  
  108  6:13  Command Center  
  108  6:14  SCV  
  108  6:16  Cyclone  
  111  6:19  SCV x2  
  111  6:21  Cyclone  
  106  6:26  SCV  
  106  6:30  Hellion, Cyclone  
  106  6:31  SCV  
  106  6:32  SCV  
  103  6:38  SCV  
  103  6:39  Cyclone  
  95  6:43  SCV  
  95  6:44  SCV  
  95  6:49  Cyclone  
  95  6:50  SCV  
  98  6:55  SCV  
  98  6:56  Supply Depot  
  98  6:58  Terran Vehicle Weapons Level 1, Cyclone, Terran Vehicle And Ship Armor Level 1  
  98  7:00  Cyclone  
  103  7:03  SCV x2  
  103  7:06  Cyclone  
  103  7:08  Hellion  
  109  7:09  SCV  
  109  7:13  Hellion  
  109  7:15  SCV x2  
  114  7:19  Cyclone  
  114  7:21  Hellion, SCV  
  116  7:27  SCV x2  
  116  7:29  Cyclone  
  120  7:31  Hellion  
  120  7:32  Hellion  
  120  7:34  Cyclone  
  122  7:38  Hellion  
  116  7:44  Cyclone  
  116  7:51  Cyclone  
  106  7:52  Hellion  
  106  7:53  SCV x3  
  106  7:54  Hellion  
  106  7:55  Factory  
  106  7:56  Factory, Engineering Bay  
  113  8:00  Hellion  
  113  8:03  Hellion  
  113  8:06  Cyclone  
  113  8:11  SCV x2  
  113  8:12  SCV  
  114  8:13  Cyclone  
  114  8:15  Hellion  
  114  8:18  Cyclone  
  120  8:21  Cyclone  
  120  8:23  Hellion, Factory  
  120  8:25  SCV x3  
  120  8:26  Supply Depot  
  127  8:35  Command Center  
  127  8:36  Planetary Fortress  
  127  8:39  Factory Tech Lab x2  
  127  8:43  Siege Tank, Supply Depot x2  
  130  8:49  Siege Tank  
  130  8:50  Factory Tech Lab, SCV  
  130  8:55  Terran Vehicle Weapons Level 2, Terran Vehicle And Ship Armor Level 2  
  132  8:59  Hellion x2  
  132  9:00  Hellion  
  132  9:02  Hellion  
  140  9:04  SCV x2  
  140  9:08  Siege Tank x2  
  148  9:13  Siege Tank  
  148  9:15  Siege Tank  
  150  9:20  Hellion x2  
  150  9:21  Siege Tank  
  150  9:22  Hellion  
  150  9:24  Hellion  
  149  9:25  Supply Depot  
  139  9:40  Siege Tank  
  139  9:41  Siege Tank, Hellion, Factory Reactor  
  139  9:42  Hellion  
  139  9:45  Siege Tank  
  144  9:47  Hellion  
  144  9:48  Siege Tank  
  144  9:49  Refinery  
  144  9:50  Refinery  
  144  9:52  Hellion  
  151  9:53  Siege Tank  
  151  9:59  SCV x3  
  157  10:03  Hellion x2  
  161  10:08  Cyclone  
  161  10:11  SCV  
  161  10:13  Siege Tank, Cyclone x2  
  171  10:16  Planetary Fortress  
  171  10:17  Unknown, SCV x2  
  171  10:19  Supply Depot  
  171  10:22  Siege Tank  
  171  10:23  Hellion, SCV  
  180  10:28  Siege Tank  
  180  10:29  Hellion x2  
  182  10:38  Hellion x2  
  182  10:40  Hellion  
  178  10:45  Siege Tank x2, Hellion  
  178  10:46  Hellion  
  188  10:50  Cyclone x2  
  188  10:55  Cyclone  
  194  10:59  Hellion x2  
  194  11:01  Hellion  
  194  11:02  Hellion  
  172  11:06  Cyclone  
  172  11:07  Cyclone  
  159  11:13  Terran Vehicle Weapons Level 3  
  159  11:17  Hellion, Cyclone  
  158  11:21  Hellion x2  
  158  11:22  Siege Tank, Hellion x2  
  158  11:23  Command Center, Hellion  
  169  11:28  Hellion  
  160  11:38  Siege Tank  
  160  11:39  Hellion x2  
  158  11:42  Siege Tank, Cyclone  
  158  11:43  Cyclone  
  158  11:44  Hellion x2  
  169  11:49  Hellion x2  
  166  11:54  Hellion  
  166  12:00  Hellion  
  166  12:01  Hellion  
  170  12:05  Cyclone x2  
  168  12:10  Cyclone x3  
  168  12:14  Hellion x2  
  178  12:15  Siege Tank  
  178  12:16  Hellion  
  178  12:21  Hellion  
  178  12:22  Hellion  
  175  12:35  Siege Tank, Cyclone  
  169  12:37  Cyclone x2  
  169  12:38  Cyclone  
  169  12:42  Siege Tank x2, Cyclone  
  169  12:43  Orbital Command, Hellion x2  
  185  12:46  Command Center  
  185  12:48  Hellion  
  162  13:04  Cyclone  
  162  13:05  Cyclone  
  161  13:08  Hellion x2  
  161  13:09  Hellion x2, Cyclone  
  161  13:10  Cyclone  
  161  13:15  Hellion x3  
  154  13:29  Cyclone x2  
  154  13:30  Cyclone x2  
  159  13:36  Widow Mine x3  
  159  13:37  Hellion  
  169  13:42  Hellion  

Tags
 
Add a new tag
Caveats
  • Supply blocks, unpowered buildings, or Contaminate may cause inaccurate times.
  • Supply counts are checked every 10 seconds.